 Seeded DCSS version 0.29.1-13-g9f3cf754e1 (webtiles) character file.

Game seed: 18334199546629406935 (custom seed)

170 mathmaestro the Grave Robber (level 5, -4/39 HPs)
             Began as a Demonspawn Necromancer on Jan 26, 2023.
             Killed by an exploding bullfrog (28 damage)
             ... ignited by their inner flame
             ... in a sewer.
             The game lasted 00:05:33 (2241 turns).

mathmaestro the Grave Robber (DsNe)                 Turns: 2241, Time: 00:05:33

Health: -4/39      AC:  5    Str: 14    XL:     5   Next: 25%
Magic:  2/9        EV: 12    Int: 18    God:
Gold:   73         SH:  0    Dex: 14    Spells: 1/9 levels left

rFire   . . .      SeeInvis .   j - +4 whip
rCold   . . .      Faith    .   (no shield)
rNeg    . . .      Spirit   .   a - +0 robe
rPois   .          Reflect  .   (helmet restricted)
rElec   .          Harm     .   q - +0 cloak
rCorr   .          Rampage  .   l - +0 pair of gloves
Will    .....                   (no boots)
Stlth   ++........              (no amulet)
HPRegen 0.13/turn               g - +6 ring of strength
MPRegen 0.11/turn               n - ring of flight

@: flying
A: antennae 1, rugged brown scales 1
a: no special abilities


You were in a sewer.
You visited 1 branch of the dungeon, and saw 3 of its levels.
You also visited: Sewer.

You collected 73 gold pieces.

Inventory:

Hand Weapons
 j - a +4 whip (weapon)
Armour
 a - a +0 robe (worn)
 l - a +0 pair of gloves (worn)
 q - a +0 cloak (worn)
Jewellery
 g - a +6 ring of strength (left hand)
 n - a ring of flight (right hand)
Scrolls
 e - 3 scrolls of identify {unknown}
 k - 3 scrolls of teleportation {unknown}
 m - a scroll of blinking {unknown}
 o - 2 scrolls of magic mapping {unknown}
 u - a scroll of amnesia {unknown}
Potions
 b - a potion of magic
 c - 2 potions of curing {unknown}
 d - a potion of attraction {unknown}
 h - 2 potions of haste {unknown}
 i - 2 potions of might {unknown}
 p - a potion of degeneration {unknown}
 r - a potion of heal wounds {unknown}
 s - a potion of cancellation {unknown}
 t - a potion of mutation {unknown}
 v - a potion of invisibility {unknown}


   Skills:
 + Level 2.0 Fighting
 + Level 2.6 Dodging
 + Level 2.9 Stealth
 + Level 2.8 Spellcasting
 + Level 5.1 Necromancy


You had one spell level left.
You knew the following spells:

 Your Spells              Type           Power      Damage    Failure   Level
a - Necrotise             Necr           80%        1d8       1%          1
b - Vampiric Draining     Necr           20%        2d7       6%          3
c - Animate Dead          Necr           20%        N/A       21%         4

Your spell library contained the following spells:

 Spells                   Type           Power      Damage    Failure   Level
 Slow                     Hex            8%         N/A       17%         1
 Confusing Touch          Hex            2%         N/A       45%         3
 Agony                    Necr           20%        N/A       50%         5


Dungeon Overview and Level Annotations

Branches:
Dungeon (3/15)              Sewer (1/1)

Altars:


Innate Abilities, Weirdness & Mutations

You have a pair of small antennae on your head.
You are partially covered in rugged brown scales. (AC +1, +3% HP)


Message History

Your Fighting skill increases to level 2!
Your Necromancy skill increases to level 5!
You have reached level 5!
Unknown command.
Casting: Necrotise (safe; 1% risk of failure)
Confirm with . or Enter, or press ? or * to list all spells.
Aiming: Necrotise (safe; 1% risk of failure)
Press: ? - help, Shift-Dir - straight line, f - bullfrog
Aim: a bullfrog (flame, water, inner flame, chance to affect: 78%)
The bullfrog barely resists.
The bullfrog is engulfed in blazing flames.
Flame seeps out of the bullfrog.
The ball python is engulfed in a cloud of scalding steam.
You kill the ball python!
The bullfrog hits you but does no damage.
Unknown command.
The bullfrog is engulfed in a cloud of scalding steam.
Flame seeps out of the bullfrog.
The bullfrog is engulfed in a cloud of scalding steam.
Flame seeps out of the bullfrog.
The bullfrog misses you.
Unknown command.
Unknown command.
The bullfrog hits you.
Unknown command.
The bullfrog barely misses you.
Unknown command.
The bullfrog attacks as you move away! The bullfrog hits you!
You feel a bit more experienced.
You hear an explosion!
The bullfrog hits you.
Casting: Necrotise (safe; 1% risk of failure)
Confirm with . or Enter, or press ? or * to list all spells.
Aiming: Vampiric Draining (dangerous; 6% risk of failure)
Press: ? - help, Shift-Dir - straight line, f/p - bullfrog
Aim: a bullfrog (water, severely wounded, inner flame)
You draw life force from the bullfrog!
You feel life coursing into your body.
The bullfrog explodes!
The fiery explosion engulfs you!!
Ouch! That really hurt!
You die...

######################
...#~≈≈≈≈~~≈≈≈≈≈≈≈≈..###
...§~≈≈~#~.§§§~≈~≈~~...##
...§~~§~~≈~§§@~~~~~~....#
....#~~§~~≈§~§~~~~~~....#
....S≈§○~≈≈≈≈≈~≈≈~≈.....##
....~≈≈≈≈≈≈≈≈≈≈≈≈≈~......#
+####################....#
####...## #..#....#
#..'....# #####...#


There were no monsters in sight!

Vanquished Creatures
  2 bullfrogs (Sewer)
  A river rat (Sewer)
  3 adders (Sewer)
  3 bats (D:1)
  5 endoplasms
  A giant cockroach (D:1)
  3 hobgoblins
  2 quokkas
  15 ball pythons
  A frilled lizard (Sewer)
  4 kobolds
  19 rats
59 creatures vanquished.

Vanquished Creatures (collateral kills)
  An adder (Sewer)
  A worm (D:3)
  2 ball pythons
  A bat (D:2)
  A frilled lizard (Sewer)
  7 rats
13 creatures vanquished.

Grand Total: 72 creatures vanquished

Notes
Turn   | Place    | Note
-------+----------+-------------------------------------------
     0 | D:1      | mathmaestro the Demonspawn Necromancer began the quest for
                  | the Orb.
     0 | D:1      | Reached XP level 1. HP: 13/13 MP: 3/3
   355 | D:1      | Gained mutation: You are partially covered in rugged brown
                  | scales. (AC +1, +3% HP) [demonic ancestry]
   355 | D:1      | Reached XP level 2. HP: 14/20 MP: 3/5
  1286 | D:2      | Reached skill level 1 in Fighting
  1304 | D:2      | Reached XP level 3. HP: 26/26 MP: 2/6
  1369 | D:2      | Learned a level 3 spell: Vampiric Draining
  1448 | D:3      | Found a glowing drain.
  1480 | D:3      | Found a faded altar of an unknown god.
  1502 | Sewer    | Entered a sewer
  1822 | Sewer    | Gained mutation: You have a pair of small antennae on your
                  | head. [demonic ancestry]
  1822 | Sewer    | Reached XP level 4. HP: 24/32 MP: 0/7
  2023 | Sewer    | Learned a level 4 spell: Animate Dead
  2230 | Sewer    | Noticed a bullfrog
  2230 | Sewer    | Noticed a bullfrog
  2234 | Sewer    | Killed a bullfrog
  2235 | Sewer    | Reached skill level 5 in Necromancy
  2235 | Sewer    | Reached XP level 5. HP: 39/39 MP: 5/9
  2241 | Sewer    | Killed by an exploding bullfrog... ignited by their inner
                  | flame

Illustrated notes

Levels and vault maps discovered:
D:1:      shiori_shiawase, layout_loops_ring, st_stairs_7
D:2:      layout_basic, minmay_large_rounded_square
D:3:      layout_basic, portal_sewer_entry_a, hellmonk_ecumenical_altar_blasted
Sewer:    sewer_minmay_w

Skill      XL: |  1  2  3  4 |
---------------+-------------+-----
Stealth        | 2 |  2.9
Dodging        | 2 |  2.6
Fighting       | 1 2 |  2.0
Necromancy     | 5 |  5.1
Spellcasting   | |  2.8

Action                   |  1- 3 |  4- 6 || total
-------------------------+-------+-------++-------
Melee: Whip              |    23 |     8 ||    31
 Cast: Necrotise         |    69 |     6 ||    75
       Vampiric Draining |       |     1 ||     1
  Use: Scroll            |       |     1 ||     1
 Stab: Sleeping          |     2 |       ||     2
       Distracted        |       |     1 ||     1
Armor: Robe              |    19 |     8 ||    27
Dodge: Dodged            |    41 |    11 ||    52
